 Dungeon Crawl Stone Soup version 0.21-a0-521-g1cd18d1 (webtiles) character file.

71 slep the Skirmisher (level 4, 0/35 HPs)
             Began as a Demonspawn Monk on Dec 6, 2017.
             Slain by a bat (1 damage)
             ... on level 2 of the Dungeon.
             The game lasted 00:04:08 (1301 turns).

slep the Skirmisher (Demonspawn Monk)               Turns: 1301, Time: 00:04:09

Health: 0/35       AC:  3    Str: 12    XL:     4   Next: 5%
Magic:  4/4        EV: 13    Int: 12    God:
Gold:   100        SH:  0    Dex: 15    Spells: 3/3 levels left

rFire    . . .     SeeInvis .   a - +0 hand axe
rCold    . . .     Gourm    .   (no shield)
rNeg     . . .     Faith    .   b - +0 robe
rPois    .         Spirit   .   d - +0 helmet
rElec    .         Reflect  .   (no cloak)
rCorr    .         Harm     .   (no gloves)
MR       .....                  (no boots)
Stlth    ++........             (no amulet)
HPRegen  0.11/turn              (no ring)
MPRegen  0.09/turn              (no ring)

@: no status effects
A: hooves 1
a: no special abilities


You were on level 2 of the Dungeon.
You were not hungry.

You visited 1 branch of the dungeon, and saw 2 of its levels.

You collected 100 gold pieces.

Inventory:

Hand Weapons
 a - a +0 hand axe (weapon)
Armour
 b - a +0 robe (worn)
 d - a +0 helmet (worn)
Scrolls
 e - a scroll of blinking {unknown}
 g - 2 scrolls of random uselessness {unknown}
 h - 4 scrolls of teleportation {unknown}
 i - a scroll of fear {unknown}
 n - a scroll of fog {unknown}
Potions
 j - a potion of invisibility {unknown}
Comestibles
 c - a bread ration
 f - 2 meat rations
 k - a royal jelly
 l - 4 fruits


   Skills:
 + Level 3.5 Fighting
 + Level 3.5 Axes
 + Level 3.2 Dodging
 + Level 2.0 Stealth


You had 3 spell levels left.
You didn't know any spells.

Dungeon Overview and Level Annotations

Branches:
Dungeon (2/15)

Altars:
Elyvilon
Nemelex Xobeh


Innate Abilities, Weirdness & Mutations

You have large cloven feet.


Message History

The adder is heavily wounded.
The adder barely misses you. The adder misses you.
You slash the adder!
You kill the adder!
You have reached level 4!
You feel clever.
You feel sick.
You see here a frilled lizard corpse.
There is a fountain of sparkling water here.
You feel sick.
You feel sick.
A bat comes into view.
An iguana comes into view.
You feel sick.
You are no longer poisoned.
The iguana hisses angrily.
The bat hits you but does no damage. The iguana bites you!
* * * LOW HITPOINT WARNING * * *
The bat hits you.
You die...

##...⌠.⌠.†...(.#.#... ##
#......##.#.#..#.###.
..##......##.#.#..#.....
..........##.#.#..####.#
..........##.#.#........
..........##.#...######÷
........####.##### #.
........#....... #.
.......@#l....## #.
........b....... #.
....#####.....## #. ....
.....# ## ... .....# ..
######


You could see a bat.

Vanquished Creatures
  2 adders (D:2)
  An ooze (D:2)
  2 dart slugs
  7 bats
  A giant cockroach (D:2)
  5 goblins
  8 hobgoblins
  4 jackals (D:2)
  2 kobolds
  A quokka (D:2)
  3 frilled lizards
  7 rats
43 creatures vanquished.

Notes
Turn   | Place    | Note
-------+----------+-------------------------------------------
     0 | D:1      | slep the Demonspawn Monk began the quest for the Orb.
     0 | D:1      | Reached XP level 1. HP: 18/18 MP: 1/1
   193 | D:1      | Gained mutation: You have large cloven feet. [demonic ancestry]
   193 | D:1      | Reached XP level 2. HP: 24/24 MP: 2/2
   809 | D:2      | Reached XP level 3. HP: 19/29 MP: 3/3
   814 | D:2      | Found a white marble altar of Elyvilon.
  1273 | D:2      | Found a sparkling altar of Nemelex Xobeh.
  1288 | D:2      | Reached XP level 4. HP: 19/35 MP: 4/4
  1300 | D:2      | HP: 1/35 [iguana (15)]
  1301 | D:2      | Slain by a bat

Vault maps used:
D:1:      tarquinn_simple_flora_water_d
D:2:      mumra_celtic_spiral_tile, grunt_temple_overflow_opulence,
          old_standard_altar, nemelex_xobeh_ov_fountains_minmay

Skill      XL: |  1  2  3 |
---------------+----------+-----
Axes           | 3 |  3.5
Dodging        | 3 |  3.2
Stealth        | 2 |  2.0
Fighting       | |  3.5

Action                   |  1- 3 |  4- 6 || total
-------------------------+-------+-------++-------
Melee: Hand axe          |   128 |       ||   128
       Kick              |    18 |       ||    18
 Stab: Sleeping          |     3 |       ||     3
       Distracted        |     1 |       ||     1
  Eat: Chunk             |     1 |       ||     1
Armor: Robe              |    45 |     1 ||    46
Dodge: Dodged            |   124 |       ||   124

Table legend:
 A = Spawn XP
 B = Non-spawn XP
 C = Spawn XP percentage of total XP
 D = Spawn monster count
 E = Non-spawn monster count
 F = Spawn count percentage of total count
 G = Total turns spent on level
                    A         B        C        D         E        F      G
               +---------+---------+-------+---------+---------+-------+---------
         Total |       0 |     102 |   0.0 |       0 |      43 |   0.0 |  1301
               +---------+---------+-------+---------+---------+-------+---------
           D:1 |       0 |      28 |   0.0 |       0 |      17 |   0.0 |   773
           D:2 |       0 |      74 |   0.0 |       0 |      26 |   0.0 |   528
               +---------+---------+-------+---------+---------+-------+---------
